 Dungeon Crawl Stone Soup version 0.27-a0-343-gfcad680f63 (webtiles) character file.

Game seed: 9546462707752239917

23377 jestyr24 the Severer (level 12, -12/169 HPs)
             Began as a Minotaur Berserker on Feb 15, 2021.
             Was a High Priest of Trog.
             Mangled by an enormous slime creature (61 damage)
             ... on level 13 of the Dungeon.
             The game lasted 00:58:15 (12536 turns).

jestyr24 the Severer (Minotaur Berserker)          Turns: 12536, Time: 00:58:16

Health: -12/169    AC: 18    Str: 25    XL:     12   Next: 71%
Magic:  11/11      EV: 11    Int:  4    God:    Trog [*****.]
Gold:   981        SH:  5    Dex: 12    Spells: 11/11 levels left

rFire    + . .     SeeInvis .   a - +3 hand axe (elec)
rCold    . . .     Faith    .   (no shield)
rNeg     . . .     Spirit   .   P - +3 chain mail {Will+}
rPois    +         Reflect  +   (helmet restricted)
rElec    .         Harm     .   M - +0 cloak
rCorr    .         Rampage  .   (no gloves)
Will     +....                  C - +0 pair of boots
Stlth    ..........             h - amulet of reflection
HPRegen  0.38/turn              i - ring of protection from fire
MPRegen  0.12/turn              R - ring of poison resistance

@: berserking (expiring), very quick
A: retaliatory headbutt, horns 2
a: Renounce Religion, Berserk, Trog's Hand, Brothers in Arms


You were on level 13 of the Dungeon.
You worshipped Trog.
Trog was extremely pleased with you.
You visited 1 branch of the dungeon, and saw 13 of its levels.

You collected 981 gold pieces.

Inventory:

Hand Weapons
 a - a +3 hand axe of electrocution (weapon)
 b - a +4 shortbow
 f - a +1 war axe
 H - a +3 vorpal quarterstaff
 I - a +0 battleaxe
 T - the +5 scimitar "Minotaur's Bane" {speed, +Blink, unknown}
   (You found it on level 12 of the Dungeon)

   Attacks with this weapon are significantly faster.
   It lets you blink.
 W - a +5 quick blade of flaming
Missiles
 e - a curare-tipped dart
 g - 6 silver javelins
 w - 86 poisoned darts
 A - 7 atropa-tipped darts
 B - 23 boomerangs
 E - 241 arrows
Armour
 C - a +0 pair of boots (worn)
 M - a +0 cloak (worn)
 P - a +3 chain mail of willpower (worn)
 S - a +0 pair of gloves
Jewellery
 h - an amulet of reflection (around neck)
 i - a ring of protection from fire (left hand)
 x - a ring of protection from fire
 K - a ring of flight
 O - a ring of protection from cold
 R - a ring of poison resistance (right hand)
Wands
 p - a wand of mindburst (17)
 q - a wand of digging (6)
 s - a wand of iceblast (3)
 D - a wand of random effects (10)
 J - a wand of flame (39)
Scrolls
 c - 13 scrolls of identify
 k - 3 scrolls of enchant armour
 n - 2 scrolls of magic mapping
 y - 2 scrolls of fog {unknown}
 z - 4 scrolls of teleportation
 G - a scroll of brand weapon {unknown}
 L - a scroll of blinking
 N - a scroll of silence {unknown}
 U - a scroll of fear {unknown}
Potions
 d - 2 potions of might {unknown}
 j - 2 potions of brilliance {unknown}
 l - a potion of cancellation {unknown}
 m - 3 potions of degeneration {unknown}
 o - 4 potions of flight {unknown}
 r - a potion of haste
 t - a potion of ambrosia {unknown}
 u - 5 potions of heal wounds {unknown}
 v - 6 potions of curing {unknown}
 F - a potion of magic {unknown}
 V - a potion of resistance {unknown}
Miscellaneous
 Q - a condenser vane


   Skills:
 + Level 12.3 Fighting
 + Level 15.2 Axes
 + Level 6.2 Bows
 + Level 12.0 Armour
 + Level 6.2 Dodging
 - Level 0.4 Stealth
 + Level 6.4 Shields


You had 11 spell levels left.
You didn't know any spells.
Your spell library contained the following spells:

 Spells                   Type           Power        Failure   Level
 Animate Skeleton         Necr           0%           95%         1
 Apportation              Tloc           0%           95%         1
 Corona                   Hex            0%           95%         1
 Magic Dart               Conj           0%           95%         1
 Sandblast                Erth           0%           95%         1
 Summon Small Mammal      Summ           0%           95%         1
 Passwall                 Tmut/Erth      0%           98%         2
 Stone Arrow              Conj/Erth      0%           100%        3
 Cause Fear               Hex            0%           100%        4
 Petrify                  Tmut/Erth      0%           100%        4
 Lee's Rapid Deconstruct  Erth           0%           100%        5
 Silence                  Hex/Air        0%           100%        5
 Yara's Violent Unravell  Hex/Tmut       0%           100%        5
 Discord                  Hex            0%           100%        8


Dungeon Overview and Level Annotations

Branches:
Dungeon (13/15)            Temple (0/1) D:4            Lair (0/6) D:11
    Orc (0/2) D:11         Vaults (0/5) D:13

Altars:
Kikubaaqudgha
Qazlal
Ru
Sif Muna
Trog
Uskayaw
Vehumet
Xom
Yredelemnul

Shops:
D:4 :

Portals:
Trove: D:10 (give +5 demon blade)


Innate Abilities, Weirdness & Mutations

You reflexively headbutt those who attack you in melee.
You have a pair of horns on your head.


Message History

The white ugly thing bites you. The white ugly thing freezes you!!
You hit the white ugly thing but do no damage.
Lightning courses through the white ugly thing!!
You kill the white ugly thing!
Trog accepts your kill.
A red film seems to cover your vision as you go berserk!
You feel yourself moving faster!
You feel mighty!
Two slime creatures merge to form an enormous slime creature.
You slash the enormous slime creature!
The enormous slime creature is lightly wounded.
The enormous slime creature hits you!!!
* * * LOW HITPOINT WARNING * * *
You slice the enormous slime creature!!
Lightning courses through the enormous slime creature!
The enormous slime creature is lightly wounded.
You slash the enormous slime creature!
Lightning courses through the enormous slime creature!
You headbutt the enormous slime creature!
The enormous slime creature is moderately wounded.
You slash the enormous slime creature!
The enormous slime creature is heavily wounded.
The enormous slime creature hits you but does no damage.
You slash the enormous slime creature!
Lightning courses through the enormous slime creature!
You headbutt the enormous slime creature!
The enormous slime creature is severely wounded.
You slash the enormous slime creature!
The enormous slime creature is severely wounded.
The enormous slime creature barely misses you.
Your chain mail prevents you from hitting the enormous slime creature.
You headbutt the enormous slime creature!
The enormous slime creature is severely wounded.
You slash the enormous slime creature!
You headbutt the enormous slime creature!
The enormous slime creature is almost dead.
You slice the enormous slime creature!!
You headbutt the enormous slime creature!
The enormous slime creature is almost dead.
The enormous slime creature hits you!!!
You die...

# ############ ..
#..........## ...
#.[........## ....
#..>.......#. .....
#####..........#.
.....o##...'.........)'.
....oYJ@.###..........##
.....o#### #..........#
..... #..........# ...=
#..........# ###
####'####### #.##
#.####### #..# #.....^.#
##.# #######.## #.#


You could see an enormous slime creature, a yak, an orc warrior and 2 orcs.

Vanquished Creatures
  Rupert (D:12)
  Snorg (D:12)
  The ghost of Uclietoh the Thaumaturge, a journeyman GnWr of Kikubaaqudgha (D:13)
  Erolcha (D:11)
  A boulder beetle (D:13)
  2 two-headed ogres
  An unseen horror (D:11)
  An ugly thing (D:13)
  A deep elf pyromancer (D:13)
  A cyclops (D:12)
  An oklob plant (D:12)
  4 slime creatures (D:12)
  2 manticores
  A troll (D:12)
  A meliai (shapeshifter) (D:13)
  A merfolk (shapeshifter) (D:13)
  4 hornets
  3 shadows
  3 wyverns (D:11)
  A wraith (D:12)
  A vampire (D:8)
  12 yaks
  3 basilisks
  3 steam dragons
  Menkaure (D:5)
  A two-headed ogre zombie (D:11)
  An acid dragon (D:11)
  3 water moccasins
  An orc warrior (D:8)
  3 sky beasts
  An eye of draining (shapeshifter) (D:13)
  4 black bears
  An eye of draining (D:12)
  3 ogres
  6 ice beasts
  11 centaurs
  3 phantoms
  3 kobold brigands
  3 bullfrogs
  A water moccasin zombie (D:7)
  5 scorpions
  An oklob sapling (D:12)
  12 wights
  9 howler monkeys
  3 bullfrog skeletons
  A centaur zombie (D:8)
  A quasit (D:5)
  4 bullfrog zombies
  8 hounds
  4 jellies
  9 orc priests
  5 centaur skeletons
  3 iguanas
  Ijyb (D:5)
  6 orc wizards
  11 worker ants
  7 ogre zombies (D:11)
  A hound zombie (D:11)
  5 gnolls
  11 adders
  4 shadow imps
  5 white imps
  2 oozes
  An adder zombie (D:6)
  An adder skeleton (D:5)
  4 worms
  3 dart slugs
  2 leopard geckos
  27 orcs
  7 ball pythons
  5 bats
  5 giant cockroaches
  8 goblins
  6 hobgoblins
  17 jackals
  2 quokkas
  6 frilled lizards
  A goblin skeleton (D:11)
  3 goblin zombies (D:11)
  3 hobgoblin zombies (D:11)
  27 kobolds
  3 orc skeletons (D:11)
  15 orc zombies (D:11)
  A quokka skeleton (D:5)
  7 rats
  A bush (D:12)
370 creatures vanquished.

Vanquished Creatures (others)
  10 fungi (D:5)
  9 plants (D:12)
19 creatures vanquished.

Grand Total: 389 creatures vanquished

Notes
Turn   | Place    | Note
-------+----------+-------------------------------------------
     0 | D:1      | jestyr24 the Minotaur Berserker began the quest for the
                  | Orb.
     0 | D:1      | Reached XP level 1. HP: 19/19 MP: 0/0
   475 | D:1      | Reached skill level 4 in Axes
   475 | D:1      | Reached XP level 2. HP: 27/27 MP: 1/1
  1160 | D:2      | Found a stormy altar of Qazlal.
  1160 | D:2      | Found a hide-covered altar of Uskayaw.
  1162 | D:2      | Found a basalt altar of Yredelemnul.
  1259 | D:2      | Reached XP level 3. HP: 33/33 MP: 2/2
  1541 | D:3      | Reached ** piety under Trog
  1542 | D:3      | Reached XP level 4. HP: 41/41 MP: 3/3
  1678 | D:3      | Noticed a moth of wrath
  1681 | D:3      | Found a bloodstained altar of Trog.
  1894 | D:3      | Found a radiant altar of Vehumet.
  1896 | D:3      | Identified Vehumet's Grimoire of Battle Magic
  1901 | D:3      | Found an ancient bone altar of Kikubaaqudgha.
  1902 | D:3      | Found a shimmering blue altar of Sif Muna.
  2018 | D:3      | Reached skill level 5 in Axes
  2482 | D:4      | Reached XP level 5. HP: 41/47 MP: 4/4
  2547 | D:4      | Reached skill level 5 in Fighting
  2623 | D:4      | Reached skill level 1 in Shields
  2623 | D:4      | Reached XP level 6. HP: 14/56 MP: 5/5
  2623 | D:4      | Reached *** piety under Trog
  2925 | D:4      | Found a staircase to the Ecumenical Temple.
  3039 | D:4      | Reached skill level 6 in Axes
  3222 | D:4      | Found Oleehes's Book Boutique.
  3514 | D:5      | Entered Level 5 of the Dungeon
  3527 | D:5      | Noticed Menkaure
  3534 | D:5      | Killed Menkaure
  3535 | D:5      | Reached XP level 7. HP: 50/61 MP: 6/6
  3711 | D:5      | Noticed Ijyb
  3716 | D:5      | Killed Ijyb
  3803 | D:5      | Reached skill level 7 in Axes
  3919 | D:5      | Reached skill level 5 in Armour
  4714 | D:6      | Reached **** piety under Trog
  4719 | D:6      | Reached skill level 8 in Axes
  4740 | D:6      | Reached XP level 8. HP: 70/70 MP: 7/7
  4803 | D:6      | Found a sacrificial altar of Ru.
  5366 | D:7      | Reached skill level 9 in Axes
  5673 | D:7      | Reached skill level 10 in Axes
  5717 | D:7      | Noticed a two-headed ogre
  5726 | D:7      | Killed a two-headed ogre
  5727 | D:7      | Reached XP level 9. HP: 67/79 MP: 8/8
  5817 | D:7      | Reached ***** piety under Trog
  5985 | D:7      | Found a shimmering altar of Xom.
  6065 | D:8      | Reached skill level 11 in Axes
  6578 | D:8      | Reached skill level 12 in Axes
  6811 | D:8      | Noticed a troll
  6992 | D:9      | Reached XP level 10. HP: 89/89 MP: 9/9
  7186 | D:9      | Received a gift from Trog
  7393 | D:9      | Reached skill level 5 in Dodging
  7637 | D:10     | Entered Level 10 of the Dungeon
  7651 | D:10     | Reached skill level 1 in Bows
  7680 | D:10     | Noticed a two-headed ogre
  7690 | D:10     | Killed a two-headed ogre
  8210 | D:10     | Found a portal to a secret trove of treasure.
  8369 | D:10     | Reached skill level 13 in Axes
  8501 | D:11     | Found a staircase to the Orcish Mines.
  8786 | D:11     | Noticed Erolcha
  8797 | D:11     | Killed Erolcha
  8797 | D:11     | Received a gift from Trog
  8798 | D:11     | Reached skill level 10 in Fighting
  8798 | D:11     | Reached XP level 11. HP: 99/99 MP: 10/10
  9610 | D:11     | Reached skill level 14 in Axes
  9639 | D:11     | Found a staircase to the Lair.
  9647 | D:11     | Killed an unseen horror
 10040 | D:12     | Noticed Snorg
 10053 | D:12     | Killed Snorg
 10054 | D:12     | Reached skill level 5 in Shields
 10074 | D:12     | Reached skill level 10 in Armour
 10271 | D:12     | Noticed Rupert
 10283 | D:12     | Killed Rupert
 10530 | D:12     | Reached XP level 12. HP: 110/110 MP: 11/11
 10717 | D:12     | Reached skill level 15 in Axes
 11125 | D:12     | Got a masterwork scimitar
 11623 | D:12     | Received a gift from Trog
 11889 | D:13     | Noticed a boulder beetle
 11900 | D:13     | Killed a boulder beetle
 12089 | D:13     | Found a runed translucent gate.
 12089 | D:13     | Found a runed translucent gate.
 12092 | D:13     | Found a runed translucent gate.
 12092 | D:13     | Noticed Uclietoh's ghost (journeyman GnWr)
 12106 | D:13     | Killed Uclietoh's ghost
 12107 | D:13     | Reached skill level 5 in Bows
 12234 | D:13     | Found a gate to the Vaults.
 12234 | D:13     | Noticed an anaconda
 12234 | D:13     | an anaconda changed into a water nymph
 12536 | D:13     | Mangled by an enormous slime creature

Illustrated notes

Levels and vault maps discovered:
D:1:      wander_arrival_estate, layout_basic
D:2:      layout_loops_ring, gammafunk_temple_overflow_forgotten
D:3:      layout_basic, grunt_temple_overflow_magic_moments, tgw_trog,
          minmay_misc_feat_tiny
D:4:      corexii_shack_village, layout_cave_pools,
          minmay_temple_entry_mini_moons, serial_shops, kennysheep_little_box,
          chequers_serial_rivers_large_b, chequers_hall_statues_corner_a,
          hangedman_decor_peaks_small
D:5:      layout_loops_ring, serial_aquarium, aquarium_bridge_square
          [aquarium_subvault_window, aquarium_subvault_wall,
          aquarium_subvault_window, aquarium_subvault_bridge],
          aquarium_window_1, aquarium_window_corridor_3, aquarium_view_2f,
          aquarium_view_2f, aquarium_balcony_5b, chequers_serial_rivers_micro_c,
          minmay_increasing_density, uniq_menkaure, uniq_ijyb
D:6:      layout_loops_cross, general_overflow_altar
D:7:      layout_basic, nicolae_overflow_hidden_temple
D:8:      layout_basic, st_stairs_4, minivault_26, minivault_21
D:9:      layout_rooms
D:10:     layout_grid_maze, nicolae_trove_entry_columns
D:11:     layout_roguey, erik_lair_dragon, zombieorc2_lemuel, uniq_erolcha
D:12:     layout_long_grid, minmay_misc_feat_iff, introduction_to_nature_2,
          uniq_rupert, uniq_snorg
D:13:     layout_roguey, david_vaults_2, ebering_ghost_rock_garden

Skill      XL: |  1  2  3  4  5  6  7  8  9 10 11 12 |
---------------+-------------------------------------+-----
Axes           | 4 5 6 8 10 12 13 14 15 | 15.2
Fighting       | 4 5 6 7 8 10 11 12 | 12.3
Armour         | 3 4 5 7 8 11 12 | 12.0
Shields        | 1 2 3 4 5 6 |  6.4
Dodging        | 3 4 5 6 |  6.2
Bows           | 3 6 |  6.2
Stealth        | |  0.4

Action                   |  1- 3 |  4- 6 |  7- 9 | 10-12 || total
-------------------------+-------+-------+-------+-------++-------
Melee: Hand axe          |    61 |    88 |   233 |   495 ||   877
       Headbutt          |     7 |    16 |    41 |   121 ||   185
 Fire: Shortbow          |       |       |     2 |    52 ||    54
Invok: Berserk           |       |     2 |     3 |     5 ||    10
  Use: Scroll            |       |       |     9 |       ||     9
Armor: Chain mail        |    41 |    12 |       |   149 ||   202
       Ring mail         |       |     7 |    55 |     3 ||    65
       Plate armour      |       |    10 |    34 |       ||    44
Dodge: Dodged            |    29 |    32 |   101 |   139 ||   301
Block: Other             |       |    13 |    42 |    57 ||   112
       Reflection        |       |       |     3 |     3 ||     6

Table legend: (Time is in decaauts)
 A = Elapsed time spent in this place.
 B = Non-inter-level travel time spent in this place.
 C = Inter-level travel time spent in this place.
 D = Time resting spent in this place.
 E = Time spent auto-exploring this place.
 F = Levels seen in this place.
 G = Mean time per level.
                   A        B        C        D        E       F      G
               +--------+--------+--------+--------+--------+-----+--------+
         Total |  12427 |  11860 |    567 |   1452 |   6561 |  13 |  955.9 |
       Dungeon |  12427 |  11860 |    567 |   1452 |   6561 |  13 |  955.9 |
               +--------+--------+--------+--------+--------+-----+--------+

Top non-repeatable levels by time:
    D:12: 1663 daAuts
    D:11: 1453 daAuts
     D:5: 1142 daAuts
     D:4: 1100 daAuts
     D:3: 1058 daAuts
     D:7: 918 daAuts
     D:8: 858 daAuts
    D:10: 818 daAuts
    D:13: 806 daAuts
     D:1: 754 daAuts
     D:2: 657 daAuts
     D:9: 647 daAuts
     D:6: 549 daAuts
